 Dungeon Crawl Stone Soup version 0.20.1-1-g8b1a95d (webtiles) character file.

51 raph the Magician (level 3, 0/32 HPs)
             Began as a Troll Wizard on Dec 31, 2017.
             Killed from afar by Natasha (11 damage)
             ... with a magic dart
             ... on level 2 of the Dungeon.
             The game lasted 00:02:46 (1347 turns).

raph the Magician (Troll Wizard)                    Turns: 1347, Time: 00:02:47

Health: 0/32       AC:  5    Str: 15    XL:     3   Next: 58%
Magic:  2/5        EV: 10    Int: 14    God:
Gold:   33         SH:  0    Dex:  9    Spells: 3/6 levels left

rFire    . . .     SeeInvis .     - Unarmed
rCold    . . .     Gourm    +   (no shield)
rNeg     . . .     Faith    .   a - +0 robe
rPois    .         Spirit   .   b - +0 hat
rElec    .         Reflect  .   (no cloak)
rCorr    .         Harm     .   (gloves unavailable)
MR       .....                  (boots unavailable)
Stlth    +.........             (no amulet)
Regen    0.5/turn               (no ring)
MPRegen  0.1/turn               (no ring)

@: very slightly contaminated
A: unfitting armour, claws 3, fast metabolism 3, gourmand, regeneration 1,
shaggy fur 1, tough skin 2
a: no special abilities


You were on level 2 of the Dungeon.
You were very full.

You visited 1 branch of the dungeon, and saw 2 of its levels.

You collected 33 gold pieces.

Inventory:

Missiles
 f - 128 stones (quivered)
Armour
 a - a +0 robe (worn)
 b - a +0 hat (worn)
Scrolls
 e - 2 scrolls of teleportation {unknown}
 g - a scroll of identify {unknown}
 j - 2 scrolls of magic mapping {unknown}
 m - 2 scrolls of remove curse {unknown}
Potions
 h - 3 potions of mutation {unknown}
 i - a potion of ambrosia {unknown}
 k - 2 potions of haste {unknown}
 l - a potion of berserk rage {unknown}
Books
 c - a book of Minor Magic

   Spells                             Type                      Level
   a - Magic Dart                     Conjuration                  1
   b - Blink                          Translocation                2
   c - Call Imp                       Summoning                    2
   d - Slow                           Hexes                        2
   e - Conjure Flame                  Conjuration/Fire             3
   f - Mephitic Cloud                 Conjuration/Poison/Air       3
Comestibles
 d - 3 bread rations


   Skills:
 * Level 0.8 Fighting
 + Level 2.0 Dodging
 + Level 1.2 Stealth
 * Level 1.4 Unarmed Combat
 + Level 2.0 Spellcasting
 + Level 0.9 Conjurations
   Level 0.6 Summonings
 + Level 0.8 Translocations


You had 3 spell levels left.
You knew the following spells:

 Your Spells              Type           Power        Failure   Level  Hunger
a - Magic Dart            Conj           #...         16%         1    ##.....
b - Blink                 Tloc           N/A          26%         2    ###....


Dungeon Overview and Level Annotations

Branches:
Dungeon (2/15)

Altars:
Ru

Annotations:
D:2 Natasha


Innate Abilities, Weirdness & Mutations

You are too large for most types of armour.
You have claws for hands.
Your metabolism is lightning-fast.
You like to eat raw meat.
Your natural rate of healing is unusually fast.
You are covered in fur. (AC +1)
You have very tough skin. (AC +2)


Message History

The crimson imp barely misses you.
You barely miss Natasha.
Natasha is lightly wounded.
Natasha claws you. The crimson imp hits you.
You barely miss Natasha. Your claw misses Natasha.
Natasha is lightly wounded.
Natasha stares at you and mumbles some strange words.
The magic dart hits you!
* * * LOW HITPOINT WARNING * * *
The crimson imp hits you but does no damage.
The crimson imp closely misses you.
The iron imp laughs crazily.
Natasha mewls in sadness.
The crimson imp blinks!
The iron imp disappears in a puff of smoke!
The crimson imp blinks!
Natasha mumbles some strange words.
Natasha casts a spell at you. The magic dart hits you!
You die...

#. #. #. #. #. #.
############. #.
#............
####.#######.##########.
#......@......5.........
.##.###.#####.h...########
.....#.# #.##..#
#.#.#.#####.##..#
#......5h...##..#
####.>.#######..#
#.........##..#
#....####.##..#
#.#.#####...... ..


You could see Natasha and a crimson imp.

Vanquished Creatures
  An ooze (D:1)
  2 worms
  2 dart slugs (D:1)
  A leopard gecko (D:1)
  4 bats (D:1)
  A giant cockroach (D:1)
  5 goblins
  4 hobgoblins (D:1)
  4 jackals (D:1)
  3 kobolds (D:1)
  A quokka (D:2)
  A frilled lizard (D:1)
  5 rats
34 creatures vanquished.

Notes
Turn   | Place    | Note
-------+----------+-------------------------------------------
     0 | D:1      | raph the Troll Wizard began the quest for the Orb.
     0 | D:1      | Reached XP level 1. HP: 16/16 MP: 2/2
   116 | D:1      | Reached XP level 2. HP: 21/24 MP: 4/4
   394 | D:1      | Learned a level 2 spell: Blink
   591 | D:1      | Reached skill level 1 in Unarmed Combat
   606 | D:1      | Reached XP level 3. HP: 30/32 MP: 5/5
  1251 | D:2      | Found a sacrificial altar of Ru.
  1318 | D:2      | Noticed Natasha
  1347 | D:2      | Killed from afar by Natasha

Skill      XL: |  1  2  3 |
---------------+----------+-----
Unarmed Combat | 1 |  1.4
Dodging        | 2 |  2.0
Fighting       | |  0.8
Stealth        | |  1.2
Spellcasting   | |  2.0
Conjurations   | |  0.9
Summonings     | |  0.6
Translocations | |  0.8

Action                   || total
-------------------------++-------
Melee: Unarmed           ||   112
 Cast: Blink             ||     1
 Stab: Sleeping          ||     2
  Eat: Chunk             ||    17
Armor: Robe              ||    39
Dodge: Dodged            ||    55
